 Dungeon Crawl Stone Soup version 0.21-a0-380-gd65dc97 (webtiles) character file.

660268 Monsterracer the Petrodigitator (level 27, -2/189 HPs)
             Began as a Gargoyle Earth Elementalist on Oct 17, 2017.
             Was the Champion of Ashenzari.
             Slain by a chaos spawn (3 damage)
             ... led by Topniwir
             ... on level 1 of the Realm of Zot.
             The game lasted 05:02:27 (85345 turns).

Monsterracer the Petrodigitator (GrEE)             Turns: 85345, Time: 05:02:28

Health: -2/189     AC: 55    Str: 15 (16) XL:     27
Magic:  36/42      EV: 16    Int: 32      God:    Ashenzari [******]
Gold:   4375       SH: 24    Dex: 11      Spells: 13/56 levels left

rFire    + + +     SeeInvis +   b - +8 demon whip (elec)
rCold    + . .     Gourm    .   L - +1 large shield {AC+3} (curse)
rNeg     + . .     Faith    .   T - +4 chain mail "Vinawean" {*Slow +Fly rF+++ Regen+} (curse)
rPois    ∞         Spirit   .   D - +2 hat (curse)
rElec    +         Reflect  .   Z - +2 cloak {rPois} (curse)
rCorr    .         Harm     .   g - +1 pair of gloves of the Harp {Str+2 Dex+3} (curse)
MR       ++++.     Clarity  +   j - +0 pair of boots of the Sparrow {MR++ SInv} (curse) Stlth ..........Rnd*Tele +
                                R - amulet "Jeliti" {RegenMP +Blink rC+ Int+2} (curse)
HPRegen  0.00/turn              C - +5 ring of protection
MPRegen  0.53/turn              x - +6 ring of evasion (curse)

@: brilliant, berserk cooldown, very slightly contaminated, slowed, very slow
A: big wings, fangs 1, horns 1, berserk 2, blurry vision 2, clumsy 1, deformed
body, deterioration 1, dopey 1, fire resistance 1, negative energy resistance 1,
sense surroundings 1, screaming 1, electricity resistance, inhibited
regeneration, teleportitis 1, unbreathing, petrification resistance, no potion
heal 1, rot immunity, subdued magic 3, MP-powered wands, AC +20
0: Orb of Zot
}: 3/15 runes: serpentine, barnacled, slimy
a: Fly, Curse Item, Scrying, Transfer Knowledge, Renounce Religion, Evoke Blink,
Evoke Flight


You were on level 1 of the Realm of Zot.
You worshipped Ashenzari.
Ashenzari was exalted by your worship.
You were not hungry.

You visited 11 branches of the dungeon, and saw 53 of its levels.
You visited the Abyss 2 times.
You also visited: Labyrinth, Bailey, Wizlab and Desolation.

You collected 6277 gold pieces.
You spent 1902 gold pieces at shops.

Inventory:

Hand Weapons
 b - a +8 demon whip of electrocution (weapon)
Armour
 g - the cursed +1 pair of gloves of the Harp (worn) {Str+2 Dex+3}
   (You found it on level 3 of the Snake Pit)

   It affects your strength (+2).
   It affects your dexterity (+3).
   It has a curse placed upon it.
 j - the cursed +0 pair of boots of the Sparrow (worn) {MR++ SInv}
   (You found it on level 4 of the Dungeon)

   It affects your resistance to hostile enchantments.
   It lets you see invisible.
   It has a curse placed upon it.
 l - a cursed +2 helmet
 D - a cursed +2 hat (worn)
 L - a cursed +1 large shield of protection (worn)
 T - the cursed +4 chain mail "Vinawean" (worn) {*Slow +Fly rF+++ Regen+}
   (You found it on level 3 of the Depths)

   It renders you almost immune to fire.
   It lets you fly.
   It increases your rate of regeneration.
   It may slow you when you take damage.
   It has a curse placed upon it.
 Z - a cursed +2 cloak of poison resistance (worn)
Magical Staves
 a - an uncursed staff of earth
 w - an uncursed staff of conjuration
Jewellery
 n - an uncursed ring of protection from fire
 x - a cursed +6 ring of evasion (right hand)
 z - an uncursed ring of resist corrosion
 C - a +5 ring of protection (left hand)
 K - the ring of Fuokut {rC+ MR+ Str+4 Stlth+}
   (You found it on level 1 of the Depths)

   [ring of stealth]

   It affects your strength (+4).
   It protects you from cold.
   It affects your resistance to hostile enchantments.
   It makes you more stealthy.
 M - the ring "Luuse" {-Tele +Inv rN++ Str+5 Dex-5}
   (You found it on level 1 of the Depths)

   [ring of strength]

   It affects your strength (+5).
   It affects your dexterity (-5).
   It greatly protects you from negative energy.
   It lets you turn invisible.
   It prevents most forms of teleportation.
 R - the cursed amulet "Jeliti" (around neck) {RegenMP +Blink rC+ Int+2}
   (You found it on level 1 of the Depths)

   [amulet of magic regeneration]

   It increases your magic regeneration.
   It affects your intelligence (+2).
   It protects you from cold.
   It lets you blink.
   It has a curse placed upon it.
 X - an uncursed ring of wizardry
Wands
 Q - a wand of scattershot (3/9)
 Y - a wand of acid (10/15)
Scrolls
 c - a scroll of fear
 e - 3 scrolls of remove curse
 k - a scroll of enchant weapon
 p - 2 scrolls of amnesia
 v - 5 scrolls of recharging
 y - 2 scrolls of fog
 B - 4 scrolls of teleportation
 E - 24 scrolls of identify
 F - 7 scrolls of blinking
 P - 2 scrolls of summoning
Potions
 h - 6 potions of agility
 i - 3 potions of haste
 s - 19 potions of curing
 u - 2 potions of resistance
 G - 5 potions of cancellation
 N - 2 potions of invisibility
 V - 2 potions of might
Comestibles
 d - 24 bread rations
 q - 16 meat rations


   Skills:
 + Level 23.9 Fighting
 - Level 12.8(13.4) Maces & Flails
 - Level 7.1(10.9) Staves
 - Level 17.4(22.3) Armour
 - Level 5.6 Dodging
 - Level 2.1 Stealth
 - Level 21.4(23.5) Shields
 - Level 15.0 Spellcasting
 - Level 16.7(19.1) Conjurations
 - Level 0.8(2.4) Summonings
 - Level 2.1(4.4) Translocations
 - Level 0.7(2.2) Transmutations
 - Level 9.8(12.6) Fire Magic
 - Level 5.0(8.0) Ice Magic
 - Level 1.6(3.7) Air Magic
 O Level 27 Earth Magic
 - Level 3.1(5.7) Evocations


You had 13 spell levels left.
You knew the following spells:

 Your Spells              Type           Power        Failure   Level  Hunger
a - Shatter               Erth           #######...   1%          9    #######
b - Bolt of Fire          Conj/Fire      ######....   1%          6    ###....
c - Stone Arrow           Conj/Erth      ######       0%          3    None
d - Lee's Rapid Deconstr  Erth           #######...   0%          5    None
e - Blink                 Tloc           N/A          1%          2    None
f - Freezing Cloud        Conj/Ice/Air   ######....   1%          6    ###....
g - Conjure Flame         Conj/Fire      ######..     0%          3    None
h - Summon Butterflies    Summ           ####....     1%          1    None
i - Iron Shot             Conj/Erth      #######...   0%          6    ###....
x - Passwall              Tmut/Erth      ######....   0%          2    None


Dungeon Overview and Level Annotations

Branches:
Dungeon (15/15)            Temple (1/1) D:7            Lair (6/6) D:11
 Shoals (4/4) Lair:3        Snake (4/4) Lair:2        Slime (5/5) Lair:5
    Orc (2/2) D:11            Elf (2/3) Orc:2        Vaults (4/5) D:13
  Crypt (0/3) Vaults:3     Depths (5/5) D:15            Zot (5/5) Depths:5

Altars:
Ashenzari
Cheibriados
Fedhas
Gozag
Hepliaklqana
Kikubaaqudgha
Qazlal
Vehumet
Wu Jian
Yredelemnul
Zin
The Shining One
Beogh
Jiyva
Lugonu

Shops:
D:14 ?   Orc:2 !}:[   Elf:1 :   Snake:2 %(   Vaults:1 (   Vaults:4 =}}
Depths:2 }=}(

Portals:
Hell: Depths:1 Depths:2 Depths:3 Depths:4 Depths:5
Abyss: Depths:2 Depths:3 Depths:4
Pandemonium: Depths:2 Depths:3
Ziggurat: Depths:5
Trove: Depths:5 (give +3 shadow dragon scales)


Innate Abilities, Weirdness & Mutations

You are resistant to torment.
Your stone body is resilient. (AC +20)
You are immune to poison.
Your large and strong wings let you fly indefinitely.
You resist negative energy. (rN+)
You are resistant to electric shocks. (rElec)
You can survive without breathing.
You are immune to petrification.
You are immune to rotting.
You have very sharp teeth.
You have a pair of small horns on your head.
You often lose your temper in combat.
Scrolls take you longer to read.
You are clumsy. (Dex -2)
Armour fits poorly on your strangely shaped body.
Your body sometimes deteriorates upon taking damage.
You are dopey. (Int -2)
Your flesh is heat resistant. (rF+)
You passively map a small area around you.
You occasionally shout uncontrollably at your foes.
You do not regenerate when monsters are visible.
You are occasionally teleported next to monsters.
Potions are less effective at restoring your health.
Your spells are much easier to cast, but much less powerful.
You expend magic power (3 MP) to strengthen your wands.


Message History

You are exhausted.
You feel yourself slow down.
Huge Dmg: -13%(-25hp) hp: 27%(50hp) Unknown command.
Unknown command.
Press: ? - help, v - describe, . - travel
Here: Topniwir (moderately wounded, fast)
The floor.
You feel clever all of a sudden. You block Topniwir's attack.
Topniwir hits you but does no damage. You block Topniwir's attack.
The chaos spawn gores you but does no damage.
Topniwir hits you!!
* * * LOW HITPOINT WARNING * * *
Your body deteriorates!
You feel weakened. You block the chaos spawn's attack.
Huge Dmg: -12%(-22hp) hp: 15%(28hp)
Casting: Summon Butterflies
Confirm with . or Enter, or press ? or * to list all spells.
Aiming: Iron Shot
Press: ? - help, Shift-Dir - straight line, f - chaos spawn
Aim: a chaos spawn The iron shot hits the chaos spawn.
The chaos spawn is almost dead.
You block Topniwir's attack. x2; Topniwir hits you!!
* * * LOW HITPOINT WARNING * * *
The chaos spawn gores you!
* * * LOW HITPOINT WARNING * * *
The chaos spawn freezes you. You resist.
You die...

, * #.#.....#
, ** #.#...#.#
,,# *
#^.###..# * .#
##.....## ..#
####...##
####..### * *
** ##.#..)##
##........,,,,
, * ##.)))).#
##.>.......,,
,, ,
##...#####
##.4&#######**
*,,, #...##
#..@## *,
#..## ##.##
**, #..# ###
### **, #..#
##.## * ,,,
##..# #...#
*** * ....#
#..## * ,,⌠
,,, *
....######(.#
,, , ,,,,
##..........#
** , ***, ,*
#..........# *
,, * * ,,*


You could see Topniwir and a chaos spawn.

Vanquished Creatures
  the Royal Jelly (Slime:5)
  5 orbs of fire
  5 ancient liches
  2 juggernauts (Depths:1)
  Boris (Depths:3)
  Vashnia (Snake:2)
  6 Killer Klowns
  Xtahua (Depths:5)
  3 curse toes
  Jory (Vaults:3)
  Nikola (Vaults:1)
  6 golden dragons
  the Enchantress (Depths:5)
  3 liches
  A Hellbinder (WizLab)
  A Tzitzimitl (Depths:4)
  An electric golem (Zot:5)
  Jorgrun (Vaults:2)
  26 Orb Guardians
  7 quicksilver dragons
  9 tentacled monstrosities
  A deep elf blademaster (Elf:2)
  A sphinx (Depths:4)
  18 acid blobs
  Polyphemus (Shoals:4)
  Frances (Snake:1)
  8 death cobs
  A kraken (Shoals:3)
  Kirke (Lair:4)
  4 shadow dragons
  7 draconian monks
  Agnes (Snake:1)
  7 storm dragons
  14 nagarajas
  A tengu reaver (Depths:3)
  10 azure jellies
  Ilsuiw (Shoals:4)
  11 vault wardens
  5 frost giants
  7 fire giants
  A deep elf sorcerer (Depths:5)
  A ghost moth (Depths:5)
  7 draconian scorchers
  2 cacodemons (WizLab)
  A caustic shrike zombie (Depths:4)
  A deep elf elementalist (Elf:2)
  2 draconian knights
  Louise (Snake:1)
  2 imperial myrmidons
  4 draconian shifters
  20 ironheart preservers
  A caustic shrike skeleton (Depths:4)
  3 draconian stormcallers
  5 reapers (Depths:4)
  2 war gargoyles
  3 entropy weavers
  22 very ugly things
  A vampire knight (Vaults:3)
  4 spriggan defenders
  16 stone giants
  11 draconian annihilators
  2 deep elf demonologists
  11 green draconians
  23 red draconians
  Azrael (Orc:2)
  2 pale draconians (Depths:5)
  The ghost of 4thArraOfDagon the Martial Artist, a journeyman DsHu of Cheibriados (D:14)
  13 purple draconians
  3 white draconians
  10 black draconians
  3 deep elf annihilators
  9 yellow draconians
  Snorg (D:13)
  3 green deaths
  11 deep elf death magi
  5 death oozes
  12 ettins
  11 merfolk impalers
  2 merfolk javelineers
  A jiangshi (Vaults:3)
  8 yaktaur captains
  A ragged hierophant (Elf:2)
  A minotaur (Lab)
  A quicksilver dragon zombie (Depths:4)
  2 deep elf high priests
  11 fire dragons
  8 vault guards
  4 rakshasas
  A quicksilver dragon skeleton (Depths:4)
  An ice dragon (shapeshifter) (Vaults:2)
  17 great orbs of eyes
  A peacekeeper (Desolation)
  2 ghost crabs (Lair:4)
  Harold (Orc:1)
  A monstrous demonspawn (Depths:2)
  Erolcha (D:10)
  4 merfolk avatars
  2 spriggan air magi (Depths:5)
  2 catoblepae
  9 ice dragons
  3 servants of whispers (Desolation)
  14 naga warriors
  8 hydras
  8 centaur warriors
  8 anacondas
  Erica (Lair:2)
  2 death knights
  A juggernaut simulacrum (Depths:4)
  44 two-headed ogres
  A merfolk aquamancer (Shoals:4)
  2 hell beasts
  17 ogre magi
  21 dancing weapons
  3 alligator snapping turtles
  A satyr (Shoals:4)
  8 death yaks
  A thrashing horror (Abyss:2)
  7 deep troll earth magi
  7 deep troll shamans
  3 titan zombies (Depths:4)
  2 orc high priests
  2 vampire magi
  2 tengu warriors
  17 hell knights
  Nergalle (Lair:4)
  4 sun demons
  2 spriggan berserkers
  21 naga sharpshooters
  A storm dragon zombie (Depths:4)
  14 deep elf knights
  9 shock serpents
  6 soul eaters
  Sonja (D:12)
  6 fire crabs (Lair:4)
  A fire crab (shapeshifter) (Vaults:4)
  A spatial maelstrom (Abyss:2)
  2 wretched stars (Abyss:2)
  2 golden dragon zombies (Depths:4)
  An iron troll (Depths:1)
  A storm dragon skeleton (Vaults:3)
  4 skeletal warriors (D:13)
  5 sea snakes
  2 salamander mystics
  5 unseen horrors
  8 wizards
  A shadow wraith (Vaults:3)
  A lindwurm (shapeshifter) (Vaults:3)
  30 deep trolls
  6 deep elf archers
  6 naga ritualists
  4 swamp dragons
  2 flayed ghosts
  5 glowing orange brains
  A golden dragon skeleton (Depths:4)
  2 phantasmal warriors (Vaults:2)
  4 lindwurms
  10 harpies
  A harpy (shapeshifter) (Vaults:3)
  7 mana vipers
  19 necromancers
  21 ironbrand convokers
  A mana viper (shapeshifter) (D:15)
  An oklob plant (Lair:4)
  2 shadow dragon zombies (Depths:4)
  14 manticores
  12 orc knights
  58 deep elf magi
  56 ugly things
  29 moths of wrath
  A frost giant zombie (Depths:4)
  4 wolf spiders
  20 fauns
  6 shining eyes
  3 worldbinders
  11 orc sorcerers
  21 cyclopes
  A shadow dragon skeleton (Depths:4)
  10 salamanders
  2 fire giant zombies (Depths:4)
  A cyclops (shapeshifter) (Vaults:4)
  2 fire giant skeletons (Depths:4)
  9 elephants
  A spriggan zombie (Depths:4)
  The ghost of teton the Magician, a novice GrEE of Vehumet (D:7)
  An iron dragon skeleton (Depths:4)
  8 merfolk sirens
  41 black mambas
  A torpor snail (shapeshifter) (Vaults:3)
  An apocalypse crab (Lair:4)
  A molten gargoyle (Desolation)
  3 smoke demons
  3 rust devils
  8 water nymphs
  9 guardian serpents
  10 spiny frogs
  2 stone giant skeletons
  A centaur skeleton (D:12)
  24 naga magi
  An eye of devastation (Slime:5)
  4 orange demons
  2 frost giant skeletons
  10 vault sentinels
  2 gargoyles (D:15)
  7 komodo dragons
  A storm dragon simulacrum (Depths:4)
  A rime drake (shapeshifter) (D:15)
  A komodo dragon (shapeshifter) (Depths:5)
  3 torpor snails
  A redback zombie (D:14)
  A yaktaur (shapeshifter) (Depths:5)
  6 kobold demonologists
  A tormentor (Depths:3)
  4 freezing wraiths
  A hellwing (Zot:2)
  3 efreet
  A hellion (WizLab)
  28 yaktaurs
  An ancient zyme (Abyss:2)
  7 rime drakes
  A yaktaur skeleton (Vaults:4)
  4 ice devils
  2 golden dragon simulacra (Depths:4)
  38 merfolk
  3 red devils
  7 polar bears
  A harpy zombie (D:15)
  6 trolls
  2 tengu conjurers
  A hornet (Vaults:2)
  5 wind drakes
  A blink frog (shapeshifter) (Vaults:1)
  12 saltlings (Desolation)
  3 raiju (Abyss:2)
  6 snapping turtles
  10 hippogriffs
  17 blink frogs
  82 slime creatures
  9 dream sheep
  A meliai zombie (D:13)
  2 elf skeletons (Depths:4)
  A redback (Vaults:2)
  2 air elementals
  A flying skull (Vaults:3)
  A shadow (D:15)
  3 spriggans (Depths:5)
  4 wyverns
  27 yaks
  6 basilisks
  20 water elementals
  3 wraiths
  2 hogs (Lair:3)
  6 fire elementals
  2 golden eyes (shapeshifter) (D:15)
  A golden eye (Slime:5)
  2 ynoxinuls
  A hog (shapeshifter) (Vaults:1)
  2 elf simulacra (Depths:4)
  6 vampire mosquitoes
  6 steam dragons
  4 neqoxecs
  A steam dragon (shapeshifter) (D:15)
  9 hungry ghosts
  7 large abominations
  92 nagas
  2 insubstantial wisps (D:7)
  2 acid dragons
  6 wargs
  6 hell hounds
  9 water moccasins
  2 floating eyes
  A hornet zombie (D:10)
  A swamp drake (Lair:6)
  6 porcupines
  A black bear (Lair:2)
  4 ice beasts
  8 eyes of draining
  A phantom (D:4)
  34 orc warriors
  4 sky beasts
  A black bear (shapeshifter) (D:15)
  35 ogres
  8 boggarts
  23 wolves
  20 centaurs
  4 necrophages
  11 crocodiles
  13 big kobolds
  3 elf zombies (Elf:1)
  10 small abominations
  14 bullfrogs
  A big kobold (shapeshifter) (Vaults:1)
  A glowing shapeshifter simulacrum (Depths:4)
  4 earth elementals
  A deep troll simulacrum (Vaults:3)
  A scorpion (D:5)
  11 killer bees
  An orc simulacrum (Vaults:2)
  6 howler monkeys
  7 wights
  10 electric eels
  9 crimson imps
  5 lava snakes
  3 human simulacra
  2 quasits
  A bullfrog zombie (D:12)
  19 orc priests
  4 centaur zombies
  A bullfrog skeleton (D:8)
  5 hounds
  40 orc wizards
  5 iguanas
  2 iron imps (Depths:2)
  9 worker ants
  2 killer bee zombies (D:9)
  A hound skeleton (D:11)
  A mummy (D:10)
  A killer bee simulacrum (D:8)
  A howler monkey zombie (D:9)
  2 worker ant zombies
  14 adders
  7 gnolls
  A howler monkey skeleton (D:7)
  4 shadow imps
  3 white imps
  A howler monkey simulacrum (D:8)
  3 ufetubi
  3 oozes
  An adder zombie (D:7)
  2 adder skeletons
  4 worms
  3 dart slugs
  An adder simulacrum (D:8)
  9 leopard geckos
  106 orcs
  7 bats
  5 giant cockroaches
  18 goblins
  16 hobgoblins
  16 jackals
  55 kobolds
  5 quokkas
  2 ball pythons
  2 frilled lizards (D:4)
  A leopard gecko skeleton (D:5)
  A quokka simulacrum (D:8)
  6 rats
  A bush (D:9)
  3 crawling corpses (Depths:5)
  9 pillars of salt (Elf:2)
  9 plants
  4 tentacles (Shoals:3)
2489 creatures vanquished.

Vanquished Creatures (collateral kills)
  A starcursed mass (Abyss:2)
  A thrashing horror (Abyss:2)
  A wretched star (Abyss:2)
3 creatures vanquished.

Vanquished Creatures (others)
  An electric golem (Zot:5)
  A draconian knight (Zot:5)
  Donald (Vaults:4)
  A fire giant (Depths:1)
  Aizul (Snake:1)
  A draconian annihilator (Zot:3)
  6 merfolk javelineers
  A yaktaur captain (Depths:3)
  A rakshasa (Vaults:2)
  2 centaur warriors
  5 satyrs
  3 naga sharpshooters
  A large abomination (Abyss:2)
  A sixfirhy (Abyss:2)
  A deep elf archer (Vaults:4)
  3 deep elf magi
  4 cyclopes (D:12)
  2 moths of wrath
  A salamander (Snake:4)
  2 fauns
  A manticore (Shoals:2)
  A black mamba (Lair:6)
  A vault sentinel (Vaults:3)
  2 naga magi
  A spiny frog (shapeshifter) (Vaults:3)
  7 yaktaurs
  A dream sheep (Shoals:1)
  A human (Lair:4)
  A naga (Snake:4)
  An orc warrior (Vaults:2)
  2 centaurs
  A crocodile (Lair:6)
  A small abomination (Abyss:2)
  6 fungi (Lair:6)
  82 plants
  4 starspawn tentacles (Abyss:2)
  7 tentacles (Shoals:3)
159 creatures vanquished.

Grand Total: 2651 creatures vanquished

Notes
Turn   | Place    | Note
-------+----------+-------------------------------------------
     0 | D:1      | Monsterracer the Gargoyle Earth Elementalist began the quest for the Orb.
     0 | D:1      | Reached XP level 1. HP: 10/10 MP: 3/3
    85 | D:1      | Reached skill level 4 in Earth Magic
   382 | D:1      | Reached XP level 2. HP: 14/15 MP: 3/5
  1240 | D:1      | Reached XP level 3. HP: 8/19 MP: 4/6
  1250 | D:1      | Learned a level 2 spell: Passwall
  1254 | D:1      | Learned a level 3 spell: Stone Arrow
  2416 | D:2      | Reached skill level 5 in Earth Magic
  2543 | D:2      | Reached XP level 4. HP: 11/24 MP: 2/8
  4466 | D:4      | Found a basalt altar of Yredelemnul.
  4479 | D:4      | Found a stormy altar of Qazlal.
  4479 | D:4      | Found a glowing golden altar of the Shining One.
  4487 | D:4      | Reached XP level 5. HP: 28/28 MP: 9/9
  4523 | D:4      | Reached skill level 6 in Earth Magic
  4614 | D:4      | Noticed a phantom
  4630 | D:4      | Killed a phantom
  4630 | D:4      | Reached skill level 1 in Maces & Flails
  4630 | D:4      | Reached XP level 6. HP: 20/32 MP: 0/11
  4791 | D:5      | Entered Level 5 of the Dungeon
  4847 | D:5      | Reached skill level 7 in Earth Magic
  5172 | D:4      | Learned a level 5 spell: Lee's Rapid Deconstruction
  5369 | D:4      | Reached XP level 7. HP: 21/36 MP: 7/12
  5845 | D:5      | Reached skill level 8 in Earth Magic
  6602 | D:6      | Reached skill level 1 in Conjurations
  7312 | D:7      | Noticed a hippogriff
  7322 | D:7      | Killed a hippogriff
  7322 | D:7      | Reached skill level 1 in Fighting
  7322 | D:7      | Reached XP level 8. HP: 34/43 MP: 10/14
  7437 | D:7      | Noticed teton's ghost (novice GrEE)
  7487 | D:8      | Noticed a polar bear
  7559 | D:7      | Reached skill level 9 in Earth Magic
  7567 | D:7      | Killed teton's ghost
  7567 | D:7      | Reached skill level 5 in Spellcasting
  7791 | D:7      | Reached XP level 9. HP: 51/51 MP: 14/16
  7795 | D:7      | Gained mutation: You have large cloven feet. [mutagenic meat]
  7797 | D:7      | Gained mutation: Your spells are a little harder to cast, but a little more powerful. [mutagenic meat]
  7798 | D:7      | Gained mutation: Your body sometimes deteriorates upon taking damage. [mutagenic meat]
  7799 | D:7      | Gained mutation: You are resistant to hostile enchantments. (MR+) [mutagenic meat]
  7860 | D:7      | Reached skill level 5 in Conjurations
  8010 | D:7      | Reached skill level 10 in Earth Magic
  8823 | D:7      | Found a staircase to the Ecumenical Temple.
  8831 | Temple   | Entered the Ecumenical Temple
  8841 | Temple   | Became a worshipper of Ashenzari the Shackled
  9825 | D:4      | Identified the cursed +0 pair of boots of the Sparrow {MR++ SInv}
 10461 | D:8      | Killed a polar bear
 10657 | D:8      | Noticed a polar bear
 10917 | D:7      | Reached skill level 11 in Earth Magic
 11005 | D:7      | Reached XP level 10. HP: 58/58 MP: 19/19
 11090 | D:7      | Reached skill level 5 in Fighting
 12056 | D:8      | Reached * piety under Ashenzari
 12315 | D:9      | Reached skill level 1 in Shields
 12315 | D:9      | Reached skill level 12 in Earth Magic
 12762 | D:9      | Reached XP level 11. HP: 42/64 MP: 14/21
 13081 | D:9      | Found a stormy altar of Qazlal.
 13314 | D:9      | Found a blossoming altar of Fedhas.
 13731 | D:10     | Entered Level 10 of the Dungeon
 13736 | D:9      | Reached skill level 5 in Maces & Flails
 14030 | D:9      | Killed an unseen horror
 14156 | D:10     | Noticed Erolcha
 14166 | D:10     | Killed Erolcha
 14651 | D:10     | Reached skill level 13 in Earth Magic
 15527 | D:11     | Reached ** piety under Ashenzari
 15564 | D:11     | Found a staircase to the Orcish Mines.
 15831 | D:11     | Found a staircase to the Lair.
 15834 | D:11     | Found a flagged portal.
 15846 | Bailey   | Entered a bailey
 16082 | Bailey   | Found an iron altar of Okawaru.
 16082 | Bailey   | Noticed an orc high priest
 16092 | Bailey   | Noticed an orc knight
 16111 | Bailey   | Killed an orc high priest
 16393 | Bailey   | Noticed an orc knight
 16415 | Bailey   | Killed an orc knight
 16415 | Bailey   | Identified a scroll of acquirement
 16615 | Bailey   | Killed an orc knight
 16615 | Bailey   | Reached XP level 12. HP: 41/72 MP: 3/23
 16819 | Bailey   | Got the trident "Cavee" {pierce, rC+ Int+5 SInv}
 16820 | Bailey   | Identified the +5 trident "Cavee" {pierce, rC+ Int+5 SInv} (You took it off a hobgoblin in a bailey)
 17233 | Bailey   | Reached skill level 1 in Armour
 17511 | D:11     | Learned a level 4 spell: Iskenderun's Mystic Blast
 17795 | Lair:1   | Entered Level 1 of the Lair of Beasts
 17943 | Lair:1   | Noticed a six-headed hydra
 17951 | Lair:1   | Killed a six-headed hydra
 18240 | Lair:1   | Reached *** piety under Ashenzari
 18704 | Lair:2   | Noticed a seven-headed hydra
 18721 | Lair:1   | Killed a seven-headed hydra
 18721 | Lair:1   | Reached skill level 5 in Shields
 18861 | Lair:2   | HP: 35/73 [blink frog (13)]
 18874 | Lair:2   | HP: 34/73 [water moccasin (4)]
 18885 | Lair:2   | HP: 34/73 [water moccasin (3)]
 19176 | Lair:2   | Noticed Erica
 19183 | Lair:2   | Killed Erica
 19285 | Lair:2   | Reached **** piety under Ashenzari
 19760 | Lair:2   | HP: 35/75 [wolf (4)]
 19976 | Lair:2   | Noticed a six-headed hydra
 19983 | Lair:2   | HP: 35/75 [six-headed hydra (5)]
 19988 | Lair:2   | HP: 25/75 [six-headed hydra (2)]
 19989 | Lair:2   | Killed a six-headed hydra
 19993 | Lair:2   | HP: 16/75 [crocodile (11)]
 20401 | Lair:2   | Found a staircase to the Snake Pit.
 20477 | Lair:2   | Reached XP level 13. HP: 77/79 MP: 25/25
 20925 | Lair:3   | Found a staircase to the Shoals.
 21222 | Lair:3   | Reached skill level 14 in Earth Magic
 21530 | Lair:3   | Found an opulent altar of Gozag.
 22392 | Lair:4   | Noticed Kirke
 22546 | Lair:4   | Killed Kirke
 22707 | Lair:4   | Reached skill level 5 in Armour
 23008 | Lair:4   | Noticed Nergalle
 23025 | Lair:4   | Killed Nergalle
 23346 | Lair:4   | Reached ***** piety under Ashenzari
 23474 | Lair:4   | Learned a level 6 spell: Freezing Cloud
 23478 | Lair:4   | Learned a level 3 spell: Conjure Flame
 23754 | Lair:4   | Found a runed door.
 24156 | Lair:4   | Noticed an entropy weaver
 24173 | Lair:4   | HP: 32/80 [entropy weaver (11)]
 24180 | Lair:4   | HP: 21/80 [entropy weaver (4)]
 24184 | Lair:4   | Killed an entropy weaver
 24184 | Lair:4   | Reached skill level 1 in Ice Magic
 24453 | Lair:4   | Gained mutation: Your large and strong wings let you fly indefinitely. [Gargoyle growth]
 24453 | Lair:4   | Reached XP level 14. HP: 86/86 MP: 8/27
 24833 | Lair:4   | Noticed an entropy weaver
 24836 | Lair:4   | Killed an entropy weaver
 24914 | Lair:4   | Identified the Reference Book on Flight and Evil
 25118 | Lair:5   | Reached skill level 1 in Staves
 25251 | Lair:5   | Reached skill level 10 in Conjurations
 25407 | Lair:5   | Found a staircase to the Slime Pits.
 25409 | Lair:5   | Found a viscous altar of Jiyva.
 25523 | Lair:5   | Reached skill level 5 in Staves
 26160 | Lair:6   | Entered Level 6 of the Lair of Beasts
 26287 | Lair:6   | Found a labyrinth entrance.
 26296 | Lab      | Entered a labyrinth
 26772 | Lab      | Got the uncursed ring mail of Love and Death {rElec rF++ rC-}
 26783 | Lab      | Identified the +7 ring mail of Love and Death {rElec rF++ rC-} (You found it in a labyrinth)
 27065 | Lab      | Identified the Catalogue of Creation and Flames
 27366 | Lair:6   | Reached skill level 10 in Fighting
 28048 | Lair:6   | Reached skill level 1 in Fire Magic
 28506 | Lair:6   | Reached XP level 15. HP: 47/92 MP: 4/28
 28512 | Lair:6   | HP: 43/92 [spiny frog (6)]
 29458 | Orc:1    | Entered Level 1 of the Orcish Mines
 29576 | Orc:1    | Noticed Harold
 29578 | Orc:1    | Killed Harold
 30123 | Orc:2    | Entered Level 2 of the Orcish Mines
 30135 | Orc:2    | Found a staircase to the Elven Halls.
 30389 | Orc:2    | Noticed Azrael
 30399 | Orc:2    | Killed Azrael
 30665 | Orc:2    | Found a roughly hewn altar of Beogh.
 30829 | Orc:2    | Reached skill level 10 in Spellcasting
 31364 | Orc:2    | Found Erritet's Antique Armour Emporium.
 31433 | Orc:2    | Found an ancient bone altar of Kikubaaqudgha.
 31502 | Orc:2    | Paralysed by an orc sorcerer for 6 turns
 31556 | Orc:2    | Found Kusamp's Book Shoppe.
 31560 | Orc:2    | Reached skill level 5 in Dodging
 31609 | Orc:2    | Bought a pair of dazzling gloves for 237 gold pieces
 31609 | Orc:2    | Identified the +2 pair of gloves of Miracles {-Cast rF++ Str+5} (You bought it in a shop on level 2 of the Orcish Mines)
 31610 | Orc:2    | Bought a runed large shield for 187 gold pieces
 31664 | Orc:2    | Found Ugroma Fehu's Gadget Shoppe.
 31676 | Orc:2    | Found a radiant altar of Vehumet.
 31693 | Orc:2    | Found a roughly hewn altar of Beogh.
 31971 | Orc:2    | Found Roorhem's Distillery.
 31979 | Orc:2    | Bought a potion of heal wounds for 60 gold pieces
 31979 | Orc:2    | Bought a potion of heal wounds for 60 gold pieces
 31979 | Orc:2    | Bought a potion of magic for 96 gold pieces
 32214 | D:12     | Reached skill level 10 in Shields
 32612 | D:12     | HP: 32/93 [cyclops/large rock (18)]
 32973 | D:12     | Reached XP level 16. HP: 82/100 MP: 9/30
 33419 | D:12     | Noticed Sonja
 33421 | D:12     | Killed Sonja
 33893 | D:12     | HP: 50/100 [fire giant/great sword of flaming (1)]
 34109 | D:12     | Identified the +3 leather armour of Fallacy {*Slow +Fly Regen+ rCorr Str+3} (You found it on level 12 of the Dungeon)
 34277 | D:12     | Learned a level 2 spell: Blink
 34687 | D:13     | Noticed Snorg
 34703 | D:13     | Killed Snorg
 34703 | D:13     | Reached skill level 10 in Staves
 34943 | D:13     | Found a gate to the Vaults.
 35103 | D:13     | Identified the ring of Waijifrient {rPois rC+}
 35134 | D:13     | Reached ****** piety under Ashenzari
 36150 | D:14     | Found Astaddinie's Magic Scroll Boutique.
 36176 | D:14     | Bought a scroll of remove curse for 45 gold pieces
 36176 | D:14     | Bought a scroll of enchant armour for 112 gold pieces
 36272 | D:14     | Found a glowing silver altar of Zin.
 36586 | D:14     | Noticed 4thArraOfDagon's ghost (journeyman DsHu)
 36673 | D:14     | Killed 4thArraOfDagon's ghost
 36730 | D:14     | HP: 46/100 [cyclops/large rock (24)]
 37222 | D:15     | Entered Level 15 of the Dungeon
 37229 | D:15     | Reached skill level 5 in Fire Magic
 37235 | D:15     | Identified the +9 dagger of Seghu {drain, rElec rF+ rC+ MR+ Int-4}
 37312 | D:15     | Reached skill level 1 in Evocations
 38251 | D:15     | Found a staircase to the Depths.
 38512 | Snake:1  | Entered Level 1 of the Snake Pit
 38590 | Snake:1  | Noticed Agnes
 38618 | Snake:1  | Killed Agnes
 38618 | Snake:1  | Reached XP level 17. HP: 78/106 MP: 21/31
 38620 | Snake:1  | HP: 53/106 [shock serpent/bolt of electricity (6)]
 38625 | Snake:1  | HP: 47/106 [shock serpent/bolt of electricity (1)]
 38637 | Lair:2   | HP: 34/106 [shock serpent/bolt of electricity (3)]
 38642 | Lair:2   | HP: 34/106 [shock serpent/bolt of electricity (1)]
 38650 | Lair:2   | HP: 34/106 [black mamba (1)]
 39012 | Snake:1  | Noticed Aizul
 39035 | Snake:1  | Killed Aizul
 39054 | Snake:1  | Learned a level 6 spell: Bolt of Fire
 39144 | Snake:1  | Noticed Frances
 39155 | Snake:1  | HP: 44/106 [Frances/iron shot (58)]
 39163 | Snake:1  | Killed Frances
 39295 | Snake:1  | HP: 52/106 [naga sharpshooter/arrow (6)]
 39637 | Snake:1  | Noticed Louise
 39640 | Snake:1  | Cast into level 3 of the Abyss (Louise)
 39680 | Snake:1  | Escaped the Abyss
 39695 | Snake:1  | Killed Louise
 40417 | Snake:1  | Reached skill level 1 in Translocations
 40680 | Snake:1  | HP: 52/106 [anaconda (3)]
 40969 | Snake:2  | Noticed Vashnia
 40976 | Snake:2  | HP: 47/106 [naga sharpshooter/arrow[Vashnia] (10)]
 41205 | Snake:2  | HP: 50/106 [naga sharpshooter/arrow[Vashnia] (13)]
 41690 | Snake:2  | Killed Vashnia
 41878 | Snake:2  | Reached XP level 18. HP: 112/112 MP: 33/33
 42006 | Snake:2  | Found Funoddel's Antique Weapon Shop.
 42006 | Snake:2  | Found Koiffub's Food Boutique.
 42303 | Snake:3  | HP: 56/112 [shock serpent (5)]
 42932 | Snake:3  | Reached skill level 15 in Shields
 42935 | Snake:3  | Identified the +1 pair of gloves of the Harp {Str+2 Dex+3}
 42951 | Snake:3  | Reached XP level 19. HP: 115/117 MP: 34/34
 43299 | Snake:3  | Identified the cursed +0 shield of the Orcish Mines {-Cast +Blink rN+ rCorr} (You acquired it on level 3 of the Snake Pit)
 43604 | Snake:4  | Entered Level 4 of the Snake Pit
 43712 | Snake:4  | Cast into level 2 of the Abyss (naga mage)
 43762 | Abyss:2  | Reached skill level 10 in Maces & Flails
 43953 | Abyss:2  | Identified the cursed +0 ring mail of New Discoveries {+Blink Regen+}
 44075 | Abyss:2  | HP: 48/106 [daeva/divine providence (8)]
 44080 | Abyss:2  | HP: 36/106 [daeva/divine providence (14)]
 44089 | Abyss:2  | Found a radiant altar of Vehumet.
 44237 | Abyss:2  | Gained mutation: You are clumsy. (Dex -2) [a neqoxec]
 44321 | Snake:4  | Escaped the Abyss
 44423 | Snake:4  | HP: 57/118 [anaconda (13)]
 45912 | Snake:3  | HP: 49/119 [naga warrior/scimitar (15)]
 45920 | Snake:3  | HP: 45/119 [naga warrior/scimitar (6)]
 45926 | Snake:3  | HP: 45/119 [naga warrior/scimitar (1)]
 46296 | Snake:4  | Reached skill level 5 in Ice Magic
 46684 | Snake:4  | Got a serpentine rune of Zot
 47029 | Shoals:1 | Entered Level 1 of the Shoals
 47708 | Shoals:1 | Reached XP level 20. HP: 124/124 MP: 36/36
 49770 | Shoals:3 | Identified the cursed -6 pair of boots "Jyt Caa" {rF+ Str-3 Int+3} (You acquired it on level 3 of the Shoals)
 50403 | Shoals:4 | Entered Level 4 of the Shoals
 50403 | Shoals:4 | Noticed Polyphemus
 50804 | Shoals:4 | Killed Polyphemus
 51017 | Shoals:4 | Reached skill level 1 in Air Magic
 51135 | Shoals:4 | Noticed Ilsuiw
 51145 | Shoals:4 | HP: 60/126 [water elemental[Ilsuiw] (10)]
 51154 | Shoals:4 | HP: 56/126 [merfolk impaler/trident of freezing (7)]
 51161 | Shoals:4 | Killed Ilsuiw
 51172 | Shoals:4 | HP: 50/126 [wind drake/the air (8)]
 51183 | Shoals:4 | HP: 52/126 [merfolk impaler/trident of freezing (1)]
 51201 | Shoals:4 | HP: 53/126 [wind drake/the air (3)]
 51251 | Shoals:4 | HP: 50/126 [wind drake/the air (12)]
 52177 | Shoals:4 | Got a barnacled rune of Zot
 52706 | Elf:1    | Entered Level 1 of the Elven Halls
 53117 | Elf:1    | Found Boyrixt's Book Shoppe.
 53126 | Elf:1    | Bought a book of the Earth for 1105 gold pieces
 53231 | Elf:1    | Learned a level 6 spell: Iron Shot
 53333 | Elf:1    | Reached skill level 10 in Armour
 53479 | Elf:1    | Reached XP level 21. HP: 106/132 MP: 17/37
 53637 | Elf:1    | Identified Bir Fuch's Tome of Necromancy
 53709 | Elf:1    | HP: 66/132 [deep elf high priest/divine providence (10)]
 54187 | Elf:2    | Found a ruined gateway.
 54254 | Desolati | Entered the Desolation of Salt
 54278 | Desolati | Reached skill level 15 in Earth Magic
 55145 | Elf:2    | Found a huge runed gate.
 55145 | Elf:2    | Found a huge runed gate.
 55145 | Elf:2    | Found a huge runed gate.
 55151 | Elf:2    | Found a huge runed gate.
 55151 | Elf:2    | Found a huge runed gate.
 56229 | Vaults:1 | Entered Level 1 of the Vaults
 56542 | Vaults:1 | Reached skill level 15 in Fighting
 56712 | Vaults:1 | Found Ilock's Weapon Shop.
 56733 | Vaults:1 | Found a magical portal.
 56741 | WizLab   | Entered The Hall of the Hellbinder
 56866 | WizLab   | Reached skill level 16 in Earth Magic
 56899 | WizLab   | Gained mutation: Scrolls take you a little longer to read. [a cacodemon]
 57166 | WizLab   | Noticed Diubeg
 57173 | WizLab   | Found a burning altar of Makhleb.
 57177 | WizLab   | Killed Diubeg the Hellbinder
 57322 | WizLab   | Identified the Reference Book on the Escort
 57326 | WizLab   | Learned a level 1 spell: Summon Butterflies
 57346 | WizLab   | Found the +6 Majin-Bo {vamp, Archmagi MP+6 Int+6}
 57360 | WizLab   | Identified Sif Muna's Handbook of Creation
 58215 | Vaults:1 | Noticed Nikola
 58222 | Vaults:1 | Killed Nikola
 58222 | Vaults:1 | Reached XP level 22. HP: 140/140 MP: 2/38
 59690 | Vaults:2 | Reached skill level 15 in Conjurations
 59826 | Vaults:2 | Noticed Jorgrun
 59832 | Vaults:2 | Killed Jorgrun
 60279 | Vaults:2 | Reached skill level 17 in Earth Magic
 60944 | Vaults:2 | Learned a level 9 spell: Shatter
 60982 | Vaults:2 | HP: 66/142 [mirror damage (14)]
 62201 | Vaults:3 | Reached XP level 23. HP: 148/148 MP: 24/40
 63048 | Vaults:3 | Reached skill level 18 in Earth Magic
 63513 | Vaults:3 | Found a staircase to the Crypt.
 63625 | Vaults:3 | Noticed Jory
 63647 | Vaults:3 | Killed Jory
 65216 | Vaults:4 | Found Hima's Gadget Shop.
 65972 | Vaults:4 | Found Ogikoze's Jewellery Shoppe.
 65999 | Vaults:4 | Lost mutation: Your body sometimes deteriorates upon taking damage. [mutagenic meat]
 66000 | Vaults:4 | Gained mutation: You occasionally shout uncontrollably at your foes. [mutagenic meat]
 66001 | Vaults:4 | Gained mutation: You evolve. [mutagenic meat]
 66002 | Vaults:4 | Gained mutation: You tend to lose your temper in combat. [mutagenic meat]
 66003 | Vaults:4 | Lost mutation: Scrolls take you a little longer to read. [mutagenic meat]
 66004 | Vaults:4 | Lost mutation: Your spells are a little harder to cast, but a little more powerful. [mutagenic meat]
 66005 | Vaults:4 | Gained mutation: Your flesh is heat resistant. (rF+) [mutagenic meat]
 66007 | Vaults:4 | Gained mutation: You have hoof-like feet. [mutagenic meat]
 66008 | Vaults:4 | Lost mutation: You evolve. [mutagenic meat]
 66010 | Vaults:4 | Gained mutation: Your spells are a little harder to cast, but a little more powerful. [mutagenic meat]
 66012 | Vaults:4 | Gained mutation: You have a pair of small horns on your head. [mutagenic meat]
 66061 | Vaults:4 | Reached XP level 24. HP: 156/156 MP: 40/40
 66165 | Vaults:4 | Noticed Donald
 66174 | Vaults:4 | Killed Donald
 66363 | Vaults:4 | Found Izoskuawu's Gadget Shoppe.
 66706 | Vaults:4 | Identified the cursed +0 scale mail of the Beggar {Dex+4}
 67276 | Depths:1 | Entered Level 1 of the Depths
 67634 | Depths:1 | Reached skill level 19 in Earth Magic
 67919 | Depths:1 | Identified the +0 robe of Tulips {MR+ MP+9 Int-4 Stlth+}
 67923 | Depths:1 | Found a runed door.
 67965 | Depths:1 | Identified the ring of Fuokut {rC+ MR+ Str+4 Stlth+}
 67971 | Depths:1 | Paralysed by a floating eye for 3 turns
 67972 | Depths:1 | Noticed a juggernaut
 67974 | Depths:1 | Identified the ring of Puycus {+Inv rPois Int+2} (You took it off a fire giant on level 1 of the Depths)
 67980 | Depths:1 | Noticed a juggernaut
 67985 | Depths:1 | Killed a juggernaut
 67994 | Depths:1 | Killed a juggernaut
 68008 | Depths:1 | HP: 73/157 [fire dragon/blast of flame (27)]
 68301 | Depths:1 | Identified the ring "Luuse" {-Tele +Inv rN++ Str+5 Dex-5}
 68304 | Depths:1 | Identified the amulet "Jeliti" {RegenMP +Blink rC+ Int+2}
 68865 | Depths:1 | Found a gateway to Hell.
 69260 | Depths:2 | Found Efitiy's Weapon Emporium.
 69514 | Depths:2 | Found a one-way gate leading to the halls of Pandemonium.
 69608 | Depths:2 | Found Jeceritula's Gadget Emporium.
 69609 | Depths:2 | Found Qieg's Jewellery Shop.
 69610 | Depths:2 | Found Xiutwim's Gadget Emporium.
 69777 | Depths:2 | Found a corrupted altar of Lugonu.
 69793 | Depths:2 | Found a one-way gate to the infinite horrors of the Abyss.
 70128 | Depths:3 | Identified the +4 chain mail "Vinawean" {*Slow +Fly rF+++ Regen+}
 70434 | Depths:3 | HP: 70/159 [white very ugly thing (10)]
 71607 | Depths:3 | Reached XP level 25. HP: 143/164 MP: 41/41
 71792 | Depths:3 | Reached skill level 20 in Earth Magic
 71967 | Depths:3 | Noticed Boris
 71971 | Depths:3 | Killed Boris
 72260 | Depths:4 | Found a hazy altar of Hepliaklqana.
 72714 | Depths:4 | Found an ancient bone altar of Kikubaaqudgha.
 72801 | Depths:4 | HP: 80/165 [Tzitzimitl/bolt of cold[a lich] (52)]
 72825 | Depths:4 | HP: 60/165 [caustic shrike zombie (7)]
 72852 | Depths:4 | HP: 60/165 [caustic shrike zombie (5)]
 73390 | Depths:4 | Identified the +6 leather armour of Refuge {Str+5 Int+2 Stlth+} (You took it off a hell knight on level 4 of the Depths)
 73862 | Depths:4 | Identified the +1 robe of the Jabberwock {Int+6}
 75156 | Depths:4 | Reached skill level 15 in Spellcasting
 75169 | Depths:4 | Reached skill level 21 in Earth Magic
 75555 | Depths:5 | Entered Level 5 of the Depths
 75604 | Depths:5 | Noticed the Enchantress
 75622 | Depths:5 | Killed the Enchantress
 75622 | Depths:5 | Identified the +2 faerie dragon scales {rCorr Dex+4} (You took it off the Enchantress on level 5 of the Depths)
 75693 | Depths:5 | Reached XP level 26. HP: 110/173 MP: 39/42
 75721 | Depths:5 | Paralysed by a floating eye for 2 turns
 75981 | Depths:5 | HP: 76/174 [deep troll earth mage/Lee's Rapid Deconstruction (13)]
 76017 | Depths:5 | HP: 81/174 [deep troll earth mage/Lee's Rapid Deconstruction (14)]
 76026 | Depths:5 | HP: 76/174 [deep troll (8)]
 76115 | Depths:5 | Found a gateway to a ziggurat.
 76199 | Depths:5 | Noticed Xtahua
 76207 | Depths:5 | Killed Xtahua
 77079 | Depths:5 | Found a gate to the Realm of Zot.
 77155 | Depths:5 | Found a portal to a secret trove of treasure.
 77904 | Slime:1  | Entered Level 1 of the Pits of Slime
 77988 | Slime:2  | Reached skill level 15 in Armour
 78380 | Slime:5  | Entered Level 5 of the Pits of Slime
 78472 | Slime:5  | Noticed the Royal Jelly
 78477 | Slime:5  | Identified the ring of Past Mistakes {rC+ Str+3}
 78483 | Slime:5  | Reached skill level 22 in Earth Magic
 78489 | Slime:5  | Found a viscous altar of Jiyva.
 78493 | Slime:5  | HP: 81/176 [acid (8)]
 78512 | Slime:4  | Gained mutation: You are dopey. (Int -2) [a shining eye]
 78556 | Slime:3  | HP: 56/176 [slime creature (6)]
 79233 | Slime:5  | Got a slimy rune of Zot
 79295 | Slime:5  | Killed the Royal Jelly
 79314 | Slime:5  | HP: 87/177 [acid[the Royal Jelly] (5)]
 79319 | Slime:5  | HP: 86/177 [acid[the Royal Jelly] (2)]
 79324 | Slime:5  | HP: 66/177 [acid (7)]
 79349 | Slime:5  | HP: 61/177 [acid blob/splash of acid[the Royal Jelly] (6)]
 80168 | Zot:1    | Entered Level 1 of the Realm of Zot
 80345 | Zot:1    | Reached XP level 27. HP: 174/182 MP: 33/42
 80775 | Zot:3    | Noticed an orb of fire
 80796 | Zot:3    | Gained mutation: You are occasionally teleported next to monsters. [an orb of fire]
 80870 | Zot:2    | Lost mutation: You are resistant to hostile enchantments. (MR+) [potion of mutation]
 80870 | Zot:2    | Lost mutation: Your spells are a little harder to cast, but a little more powerful. [potion of mutation]
 80870 | Zot:2    | Lost mutation: You are dopey. (Int -2) [potion of mutation]
 80870 | Zot:2    | Gained mutation: You are sometimes teleported next to monsters. [potion of mutation]
 80870 | Zot:2    | Gained mutation: You passively map a small area around you. [potion of mutation]
 80871 | Zot:2    | Lost mutation: You are sometimes teleported next to monsters. [potion of mutation]
 80871 | Zot:2    | Lost mutation: You have hoof-like feet. [potion of mutation]
 80871 | Zot:2    | Lost mutation: You are clumsy. (Dex -2) [potion of mutation]
 80871 | Zot:2    | Lost mutation: You have large cloven feet. [potion of mutation]
 80871 | Zot:2    | Gained mutation: You have very sharp teeth. [potion of mutation]
 81071 | Zot:3    | Reached skill level 23 in Earth Magic
 81261 | Zot:2    | Gained mutation: Armour fits poorly on your strangely shaped body. [an orb of fire]
 81265 | Zot:2    | Gained mutation: Scrolls take you a little longer to read. [an orb of fire]
 81268 | Zot:2    | Lost mutation: You tend to lose your temper in combat. [an orb of fire]
 81271 | Zot:2    | Killed an orb of fire
 82616 | Zot:5    | Entered Level 5 of the Realm of Zot
 82721 | Zot:5    | Noticed an ancient lich
 82723 | Zot:5    | Noticed an ancient lich
 82735 | Zot:5    | Killed an ancient lich
 82743 | Zot:5    | Reached skill level 24 in Earth Magic
 82753 | Zot:5    | Killed an ancient lich
 82775 | Zot:5    | Noticed an orb of fire
 82778 | Zot:5    | Noticed an ancient lich
 82783 | Zot:5    | Gained mutation: Your spells are a little easier to cast, but a little less powerful. [an orb of fire]
 82786 | Zot:5    | Gained mutation: You expend magic power (3 MP) to strengthen your wands. [an orb of fire]
 82796 | Zot:5    | Gained mutation: You tend to lose your temper in combat. [an orb of fire]
 82802 | Zot:5    | Gained mutation: You are clumsy. (Dex -2) [an orb of fire]
 82804 | Zot:5    | Gained mutation: You often lose your temper in combat. [an orb of fire]
 82809 | Zot:5    | Gained mutation: Scrolls take you longer to read. [an orb of fire]
 82810 | Zot:5    | Killed an orb of fire
 82833 | Zot:5    | HP: 82/186 [quicksilver dragon (17)]
 82840 | Zot:5    | Killed an ancient lich
 82861 | Zot:5    | HP: 65/186 [acid (16)]
 82869 | Zot:5    | Noticed an ancient lich
 82883 | Zot:5    | HP: 70/186 [purple draconian/bolt of dispelling energy (34)]
 82891 | Zot:5    | HP: 50/186 [green draconian annihilator/poison arrow (1)]
 82909 | Zot:5    | HP: 77/186 [storm dragon/bolt of lightning (13)]
 82935 | Zot:4    | HP: 85/186 [moth of wrath (3)]
 83134 | Zot:4    | Killed an ancient lich
 83157 | Zot:5    | HP: 80/188 [purple draconian/bolt of dispelling energy (18)]
 83172 | Zot:5    | HP: 91/188 [Orb Guardian (1)]
 83179 | Zot:5    | HP: 92/188 [purple draconian/hand axe (4)]
 83184 | Zot:5    | HP: 81/188 [electric golem (8)]
 83208 | Zot:5    | HP: 40/188 [green draconian annihilator/iron shot (34)]
 83215 | Zot:5    | HP: 51/188 [green draconian monk (10)]
 83304 | Zot:5    | HP: 91/188 [electric golem (5)]
 83814 | Zot:5    | Noticed an orb of fire
 83830 | Zot:5    | Gained mutation: Potions are less effective at restoring your health. [an orb of fire]
 83831 | Zot:5    | Killed an orb of fire
 83852 | Zot:5    | Reached skill level 25 in Earth Magic
 84225 | Zot:5    | Noticed an ancient lich
 84238 | Zot:5    | Killed an ancient lich
 84422 | Zot:5    | Reached skill level 26 in Earth Magic
 84645 | Zot:5    | Noticed an orb of fire
 84647 | Zot:5    | Noticed an orb of fire
 84651 | Zot:5    | Gained mutation: You are dopey. (Int -2) [an orb of fire]
 84653 | Zot:5    | Gained mutation: Your spells are easier to cast, but less powerful. [an orb of fire]
 84670 | Zot:5    | Killed an orb of fire
 84692 | Zot:5    | Gained mutation: You do not regenerate when monsters are visible. [an orb of fire]
 84700 | Zot:5    | Killed an orb of fire
 84865 | Zot:5    | Reached skill level 27 in Earth Magic
 84998 | Zot:5    | Got the Orb of Zot
 85060 | Zot:4    | HP: 90/189 [quicksilver dragon/bolt of dispelling energy (13)]
 85109 | Zot:3    | Noticed Foeresiz the pandemonium lord
 85110 | Zot:3    | Gained mutation: Your body sometimes deteriorates upon taking damage. [a neqoxec]
 85112 | Zot:3    | HP: 87/189 [green draconian scorcher/bolt of magma (22)]
 85117 | Zot:3    | HP: 51/189 [Foeresiz the pandemonium lord/bolt of lightning (10)]
 85123 | Zot:3    | HP: 35/189 [black draconian knight/great mace (9)]
 85130 | Zot:3    | HP: 34/189 [Foeresiz the pandemonium lord/bolt of lightning (14)]
 85130 | Zot:3    | Gained mutation: Your spells are much easier to cast, but much less powerful. [a neqoxec]
 85137 | Zot:3    | HP: 20/189 [Foeresiz the pandemonium lord/bolt of lightning (10)]
 85213 | Zot:3    | HP: 59/189 [smoke demon/divine providence (14)]
 85232 | Zot:3    | HP: 47/189 [white draconian/chilling blast (12)]
 85280 | Zot:1    | HP: 60/189 [acid (12)]
 85286 | Zot:1    | HP: 48/189 [quicksilver dragon (4)]
 85302 | Zot:1    | Noticed a seraph
 85339 | Zot:1    | Noticed Topniwir the pandemonium lord
 85344 | Zot:1    | HP: 28/189 [Topniwir the pandemonium lord (22)]
 85345 | Zot:1    | HP: 8/189 [Topniwir the pandemonium lord (20)]
 85345 | Zot:1    | HP: 1/189 [chaos spawn[Topniwir] (7)]
 85345 | Zot:1    | Slain by a chaos spawn

Vault maps used:
D:1:      saegor_arrival_simple_a, serial_park_tiny_pond
D:2:      wad_crossroads
D:4:      grunt_temple_overflow_open, first_bread, feat_on_display
D:7:      temple_green, hangedman_misty_isle
D:8:      serial_ice, serial_ice_f, serial_ice_j, serial_ice_a, serial_ice_h,
          serial_ice_m, serial_ice_e, serial_ice_b, serial_ice_o
D:9:      fedhas_altar_decomposition, grunt_ogre_cave,
          hangedman_abyss_or_decor_stabs, nicolae_qazlal_style_of_elements
D:10:     serial_undead, serial_undead_a, serial_undead_b, serial_undead_c,
          serial_undead_f, uniq_erolcha
D:11:     minmay_lair_entry_lava, david_orc_2, enter_bailey_3,
          serial_bayou_lagoon_a
D:12:     giant_chief_lemuel, uniq_sonja
D:13:     erik_vaults_1, uniq_snorg
D:14:     grunt_decor_cap, serial_shops, shop_coins, st_stairs_8,
          serial_park_tiny_pond, david_defended_altar_elf
D:15:     gammafunk_enter_depths_forms, hex_tiny
Temple:   hc_temple_tempest_star
Lair:1:   minivault_11
Lair:2:   guppyfry_snake_entry_garden, grunt_megastairs_1, uniq_erica
Lair:3:   elwin_shoals_entry_rooms, basic_altar, cheibrodos_lair_lostbears,
          grunt_megastairs_4
Lair:4:   gammafunk_mikee_crab_dinner, lookout_lair_type, uniq_nergalle,
          uniq_kirke
Lair:5:   slime_altar_1, lemuel_fruit_fields
Lair:6:   guppyfry_lair_end_dragon, hangedman_lair_in_review, lab_entry_generic,
          infiniplex_staircase_pool_2, lemuel_fruit_tree
Shoals:3: cheibrodos_shoals_satyrical_garden
Shoals:4: shoals_end_grunt_garden, shoal_ilsuiw, uniq_polyphemus
Snake:1:  uniq_louise, uniq_aizul, uniq_agnes, uniq_frances
Snake:2:  grunt_ministairs_1, minmay_shoptagon, uniq_vashnia
Snake:4:  minmay_snake_end_coiled, spider_trap, serial_bayou_crossing,
          serial_bayou_shore_b
Slime:3:  cheibrodos_slime_lost_civilization_7
Orc:1:    uniq_harold
Orc:2:    kennysheep_orc_mage_school, kennysheep_orc_chapel, uniq_azrael
Elf:1:    eino_elf_arrival_sip, serial_shops, nicolae_shop_trees,
          minmay_elf_necromancy
Elf:2:    portal_desolation_entry_garden
Vaults:1: nicolae_vaults_disjoint_gnomons, vaults_mumra_minichess_inversion,
          nicolae_vaults_disjoint_gnomons, nicolae_vaults_alarming,
          ontoclasm_vaults_chip, nicolae_vaults_mini_display_case,
          vaults_room_large_hall, v_misc_19, v_alt_pattern_4,
          grunt_vaults_bifocal, v_misc_15, infiniplex_enter_wizlab_spiral,
          serial_shops, shop, uniq_nikola
Vaults:2: st_smaller_cells, hangedman_vaults_trim, v_pattern_3,
          ontoclasm_vaults_eye, vaults_room_octagon, vaults_dpeg_hooks,
          nicolae_vaults_angled_halls, vaults_standard_mumra_enter_the_diamond,
          vaults_mumra_lcd, uniq_jorgrun
Vaults:3: v_alt_pattern_3, dpeg_vaults_pockets_of_resistance,
          hangedman_vaults_variations, nicolae_vaults_network_star,
          v_alt_pattern_1, minmay_crypt_entry_simple_sparse,
          nicolae_vaults_rhombus_7, v_rooms_6,
          nicolae_vaults_diagonal_hallway_7, uniq_jory
Vaults:4: nicolae_vaults_ninety_degrees, hangedman_vaults_stitches,
          nicolae_vaults_big_angled_halls, nicolae_vaults_angled_halls,
          vaults_mumra_hex, vaults_room_stairs_pillars,
          nicolae_vaults_hallways_thing, v_misc_12,
          nicolae_vaults_network_periphery, serial_shops, shop, shop_statue,
          shop, uniq_donald
Depths:1: minmay_the_grid_triangle_9x9_recursive_3,
          serial_sigils_hangedman_snap, grunt_mini_vestibule,
          hangedman_decor_points, kennysheep_generic_room_4
Depths:2: due_chaos_kobolds, grunt_pan_entry_in_and_out, serial_shops, shop,
          hell_entry, basic_stair_grate_trap, infiniplex_staircase_pool_lava,
          minmay_shop_grove
Depths:3: nooodl_glass_maze, abyss_entry, interstate_on_off,
          pf_vacation_house_of_asmodeus, rand_demon_pan_entry_1,
          minmay_serpent_palace, infiniplex_staircase_diamond,
          serial_bayou_shore_b, serial_bayou_shore_a, firewood_loft, uniq_boris
Depths:4: evilmike_negative_zone, abyss_entry_small_statue_room,
          lemuel_crystal_altar, hangedman_tar_grid_catacomb, serial_bayou,
          serial_bayou_pond_c, serial_bayou_pond_d, serial_bayou_lake_a,
          serial_bayou_pond_a, fake_guardian_serpent_vault
Depths:5: evilmike_zot_entry_gauntlet, enter_ziggurat_b, minmay_misc_feat_tower,
          pf_coc_iceberg, nicolae_trove_entry_columns, uniq_enchantress,
          uniq_xtahua
Zot:1:    zot_minivault_4, grunt_megastairs_2
Zot:2:    kennysheep_room_grid
Abyss:2:  hangedman_decor_lopped
Abyss:3:  minivault_25, hangedman_abyss_theft, doesnt_abyss_rune_brain_food
Lab:      labyrinth_spiral, nicolae_lab_grate_2, nicolae_lab_arrow,
          labyrinth_skeletal_remains, labyrinth_lava_lair
Bailey:   bailey_axe_of_yendor_kennysheep, bailey
WizLab:   wizlab_demon

Skill      XL: |  1  2  3  4  5  6  7  8  9 10 11 12 13 14 15 16 17 18 19 20 21 22 23 24 25 26 27 |
---------------+----------------------------------------------------------------------------------+-----
Earth Magic    | 4 5 6 7 8 9 11 12 13 14 16 17 18 19 21 22 27 | 27.0
Spellcasting   | 3 4 5 6 7 8 9 10 11 12 13 14 15 | 15.0
Maces & Flails | 1 2 3 4 6 8 9 6 9 11 12 | 12.8
Conjurations   | 2 4 6 7 8 9 10 11 12 13 14 15 16 | 16.7
Fighting       | 1 3 4 6 7 8 9 10 11 12 13 14 15 16 17 18 19 21 23 | 23.9
Shields        | 2 4 6 7 9 10 12 13 15 16 17 18 19 20 21 | 21.4
Armour         | 3 5 6 8 9 10 11 12 13 14 15 17 | 17.4
Dodging        | 3 4 5 |  5.6
Ice Magic      | 1 2 3 5 |  5.0
Staves         | 7 9 10 8 7 |  7.1
Fire Magic     | 1 4 5 7 8 9 |  9.8
Evocations     | 2 3 |  3.1
Translocations | 2 |  2.1
Air Magic      | 1 |  1.6
Stealth        | |  2.1
Summonings     | |  0.8
Transmutations | |  0.7

Action                   |  1- 3 |  4- 6 |  7- 9 | 10-12 | 13-15 | 16-18 | 19-21 | 22-24 | 25-27 || total
-------------------------+-------+-------+-------+-------+-------+-------+-------+-------+-------++-------
Melee: Unarmed           |    30 |       |       |       |       |       |       |       |       ||    30
       Whip              |   160 |       |       |       |       |       |       |       |       ||   160
       Dagger            |     1 |       |     9 |       |       |       |       |       |       ||    10
       Mace              |     8 |    97 |       |       |       |       |       |       |       ||   105
       Flail             |       |    36 |   255 |   712 |   641 |       |       |       |       ||  1644
       Hand axe          |       |       |     6 |    29 |       |       |       |       |       ||    35
       Trident           |       |       |       |     3 |       |       |       |       |       ||     3
       Morningstar       |       |       |       |       |    22 |       |       |       |       ||    22
       Staff             |       |       |       |       |   966 |   301 |    62 |       |     4 ||  1333
       Demon whip        |       |       |       |       |       |   788 |  2650 |  2044 |  2972 ||  8454
       Headbutt          |       |       |       |       |       |       |       |   155 |   638 ||   793
       Bite              |       |       |       |       |       |       |       |       |   143 ||   143
 Cast: Sandblast         |    30 |    29 |     9 |    38 |     6 |     1 |       |       |       ||   113
       Stone Arrow       |       |    16 |    22 |   123 |   130 |   121 |    35 |     8 |     8 ||   463
       Lee's Rapid Decon |       |       |    23 |    48 |    92 |    49 |    67 |   117 |    82 ||   478
       Passwall          |       |       |     1 |       |       |       |       |       |     1 ||     2
       Iskenderun's Myst |       |       |       |     2 |    18 |    11 |       |       |       ||    31
       Blink             |       |       |       |       |       |     3 |     9 |     1 |    10 ||    23
       Bolt of Fire      |       |       |       |       |       |     2 |    24 |    12 |    68 ||   106
       Iron Shot         |       |       |       |       |       |       |    16 |    39 |   109 ||   164
       Shatter           |       |       |       |       |       |       |       |       |    16 ||    16
       Summon Butterflie |       |       |       |       |       |       |       |       |     4 ||     4
       Freezing Cloud    |       |       |       |       |       |       |       |       |     2 ||     2
Invok: Curse Item        |       |       |     4 |     2 |       |     2 |     3 |       |     3 ||    14
       Transfer Knowledg |       |       |       |       |     1 |     1 |       |       |       ||     2
 Abil: Fly               |       |       |       |       |     1 |       |     1 |       |       ||     2
       Stop Flying       |       |       |       |       |       |       |     1 |       |     1 ||     2
Evoke: Wand              |       |       |       |       |       |       |     8 |       |       ||     8
  Use: Scroll            |     5 |    11 |     6 |     7 |     2 |    14 |    12 |     3 |    17 ||    77
       Potion            |       |       |       |       |       |     1 |     1 |       |    42 ||    44
 Stab: Sleeping          |     6 |     3 |     2 |     2 |       |       |       |       |       ||    13
       Petrified         |       |       |       |       |     5 |       |     3 |       |       ||     8
       Distracted        |       |       |       |       |     1 |       |     1 |     1 |       ||     3
  Eat: Chunk             |     3 |    11 |    23 |    42 |    53 |    26 |    55 |    72 |    33 ||   318
       Fruit             |     3 |       |     3 |     7 |     5 |    15 |     8 |     5 |       ||    46
       Bread ration      |       |       |     1 |       |     1 |       |       |       |       ||     2
       Royal jelly       |       |       |       |       |     2 |     2 |     4 |     1 |     4 ||    13
       Meat ration       |       |       |       |       |       |       |       |       |     8 ||     8
Armor: Robe              |    76 |    81 |   134 |   284 |       |       |       |       |       ||   575
       Ring mail         |       |       |       |   213 |   784 |   359 |   539 |       |       ||  1895
       Pearl dragon scal |       |       |       |       |       |       |   180 |   449 |   494 ||  1123
       Chain mail        |       |       |       |       |       |       |       |       |   622 ||   622
Dodge: Dodged            |   138 |   134 |   331 |   860 |  1055 |   587 |   855 |   550 |   953 ||  5463
Block: Shield            |       |       |       |   314 |  1048 |   465 |       |       |       ||  1827
       Reflection        |       |       |       |       |    25 |   108 |   290 |   127 |    35 ||   585
       Large shield      |       |       |       |       |       |   389 |  2514 |  1637 |  2496 ||  7036

Table legend:
 A = Spawn XP
 B = Non-spawn XP
 C = Spawn XP percentage of total XP
 D = Spawn monster count
 E = Non-spawn monster count
 F = Spawn count percentage of total count
 G = Total turns spent on level
                    A         B        C        D         E        F      G
               +---------+---------+-------+---------+---------+-------+---------
         Total |    5921 | 1619861 |   0.4 |      22 |    2476 |   0.9 | 85345
               +---------+---------+-------+---------+---------+-------+---------
           D:1 |       0 |      54 |   0.0 |       0 |      26 |   0.0 |  2159
           D:2 |       0 |      59 |   0.0 |       0 |      19 |   0.0 |  1336
           D:3 |       0 |      46 |   0.0 |       0 |      20 |   0.0 |   882
           D:4 |       0 |     647 |   0.0 |       0 |      30 |   0.0 |  2045
           D:5 |       0 |     413 |   0.0 |       0 |      17 |   0.0 |   952
           D:6 |       0 |     222 |   0.0 |       0 |      10 |   0.0 |  1088
           D:7 |       0 |    3333 |   0.0 |       0 |      40 |   0.0 |  2604
           D:8 |       0 |    2059 |   0.0 |       0 |      43 |   0.0 |  1291
           D:9 |       0 |    4319 |   0.0 |       0 |      59 |   0.0 |  1839
          D:10 |       0 |    2993 |   0.0 |       0 |      42 |   0.0 |  1233
          D:11 |       0 |    1201 |   0.0 |       0 |      34 |   0.0 |  1267
          D:12 |       0 |   29011 |   0.0 |       0 |      99 |   0.0 |  2216
          D:13 |       0 |    9663 |   0.0 |       0 |      24 |   0.0 |  1637
          D:14 |       0 |    4972 |   0.0 |       0 |      14 |   0.0 |  1494
          D:15 |       0 |   22215 |   0.0 |       0 |      56 |   0.0 |  1284
        Lair:1 |       0 |    2777 |   0.0 |       0 |       6 |   0.0 |  1165
        Lair:2 |       0 |   11693 |   0.0 |       0 |      42 |   0.0 |  2399
        Lair:3 |       0 |    8435 |   0.0 |       0 |      35 |   0.0 |  1883
        Lair:4 |       0 |   18701 |   0.0 |       0 |      37 |   0.0 |  2433
        Lair:5 |       0 |    5532 |   0.0 |       0 |      12 |   0.0 |  1287
        Lair:6 |       0 |   23720 |   0.0 |       0 |      65 |   0.0 |  2307
      Shoals:1 |       0 |   11060 |   0.0 |       0 |      24 |   0.0 |  1098
      Shoals:2 |       0 |   15273 |   0.0 |       0 |      31 |   0.0 |  1232
      Shoals:3 |       0 |   24269 |   0.0 |       0 |      46 |   0.0 |  1788
      Shoals:4 |       0 |   37262 |   0.0 |       0 |      55 |   0.0 |  1388
       Snake:1 |       0 |   27722 |   0.0 |       0 |      48 |   0.0 |  2250
       Snake:2 |       0 |   30851 |   0.0 |       0 |      48 |   0.0 |  1097
       Snake:3 |       0 |   19704 |   0.0 |       0 |      36 |   0.0 |  2111
       Snake:4 |     487 |   47037 |   1.0 |       1 |      86 |   1.1 |  2083
       Slime:1 |       0 |    2801 |   0.0 |       0 |       7 |   0.0 |    61
       Slime:2 |       0 |    6586 |   0.0 |       0 |       9 |   0.0 |   262
       Slime:3 |       0 |   10752 |   0.0 |       0 |      18 |   0.0 |   526
       Slime:4 |       0 |   14661 |   0.0 |       0 |      31 |   0.0 |   572
       Slime:5 |       0 |   49003 |   0.0 |       0 |      37 |   0.0 |   407
         Orc:1 |       0 |    3843 |   0.0 |       0 |      13 |   0.0 |   941
         Orc:2 |       0 |   15523 |   0.0 |       0 |      77 |   0.0 |  1889
         Elf:1 |       0 |   22735 |   0.0 |       0 |      41 |   0.0 |  1527
         Elf:2 |       0 |   39200 |   0.0 |       0 |      53 |   0.0 |  1776
      Vaults:1 |       0 |   32493 |   0.0 |       0 |      50 |   0.0 |  1844
      Vaults:2 |       0 |  107691 |   0.0 |       0 |     143 |   0.0 |  3377
      Vaults:3 |       0 |   70993 |   0.0 |       0 |     109 |   0.0 |  2251
      Vaults:4 |       0 |   62876 |   0.0 |       0 |      87 |   0.0 |  2030
      Depths:1 |       0 |   70480 |   0.0 |       0 |      68 |   0.0 |  2039
      Depths:2 |       0 |   12944 |   0.0 |       0 |      33 |   0.0 |   886
      Depths:3 |       0 |   57478 |   0.0 |       0 |      80 |   0.0 |  2291
      Depths:4 |       0 |  110202 |   0.0 |       0 |     122 |   0.0 |  3456
      Depths:5 |       0 |   75968 |   0.0 |       0 |      72 |   0.0 |  1996
         Zot:1 |       0 |   48107 |   0.0 |       0 |      26 |   0.0 |   428
         Zot:2 |       0 |   25007 |   0.0 |       0 |      14 |   0.0 |   770
         Zot:3 |       0 |   69851 |   0.0 |       0 |      45 |   0.0 |  1067
         Zot:4 |       0 |   56910 |   0.0 |       0 |      30 |   0.0 |   730
         Zot:5 |       0 |  244763 |   0.0 |       0 |      95 |   0.0 |  2092
       Abyss:2 |    5434 |    8447 |  39.1 |      21 |      18 |  53.8 |   609
           Lab |       0 |    1986 |   0.0 |       0 |       9 |   0.0 |   787
        Bailey |       0 |    4440 |   0.0 |       0 |      44 |   0.0 |  1556
        WizLab |       0 |   19028 |   0.0 |       0 |      22 |   0.0 |  1183
    Desolation |       0 |    9850 |   0.0 |       0 |      19 |   0.0 |    76
               +---------+---------+-------+---------+---------+-------+---------

Vault maps used:
D:1:      saegor_arrival_simple_a, serial_park_tiny_pond
D:2:      wad_crossroads
D:4:      grunt_temple_overflow_open, first_bread, feat_on_display
D:7:      temple_green, hangedman_misty_isle
D:8:      serial_ice, serial_ice_f, serial_ice_j, serial_ice_a, serial_ice_h,
          serial_ice_m, serial_ice_e, serial_ice_b, serial_ice_o
D:9:      fedhas_altar_decomposition, grunt_ogre_cave,
          hangedman_abyss_or_decor_stabs, nicolae_qazlal_style_of_elements
D:10:     serial_undead, serial_undead_a, serial_undead_b, serial_undead_c,
          serial_undead_f, uniq_erolcha
D:11:     minmay_lair_entry_lava, david_orc_2, enter_bailey_3,
          serial_bayou_lagoon_a
D:12:     giant_chief_lemuel, uniq_sonja
D:13:     erik_vaults_1, uniq_snorg
D:14:     grunt_decor_cap, serial_shops, shop_coins, st_stairs_8,
          serial_park_tiny_pond, david_defended_altar_elf
D:15:     gammafunk_enter_depths_forms, hex_tiny
Temple:   hc_temple_tempest_star
Lair:1:   minivault_11
Lair:2:   guppyfry_snake_entry_garden, grunt_megastairs_1, uniq_erica
Lair:3:   elwin_shoals_entry_rooms, basic_altar, cheibrodos_lair_lostbears,
          grunt_megastairs_4
Lair:4:   gammafunk_mikee_crab_dinner, lookout_lair_type, uniq_nergalle,
          uniq_kirke
Lair:5:   slime_altar_1, lemuel_fruit_fields
Lair:6:   guppyfry_lair_end_dragon, hangedman_lair_in_review, lab_entry_generic,
          infiniplex_staircase_pool_2, lemuel_fruit_tree
Shoals:3: cheibrodos_shoals_satyrical_garden
Shoals:4: shoals_end_grunt_garden, shoal_ilsuiw, uniq_polyphemus
Snake:1:  uniq_louise, uniq_aizul, uniq_agnes, uniq_frances
Snake:2:  grunt_ministairs_1, minmay_shoptagon, uniq_vashnia
Snake:4:  minmay_snake_end_coiled, spider_trap, serial_bayou_crossing,
          serial_bayou_shore_b
Slime:3:  cheibrodos_slime_lost_civilization_7
Orc:1:    uniq_harold
Orc:2:    kennysheep_orc_mage_school, kennysheep_orc_chapel, uniq_azrael
Elf:1:    eino_elf_arrival_sip, serial_shops, nicolae_shop_trees,
          minmay_elf_necromancy
Elf:2:    portal_desolation_entry_garden
Vaults:1: nicolae_vaults_disjoint_gnomons, vaults_mumra_minichess_inversion,
          nicolae_vaults_disjoint_gnomons, nicolae_vaults_alarming,
          ontoclasm_vaults_chip, nicolae_vaults_mini_display_case,
          vaults_room_large_hall, v_misc_19, v_alt_pattern_4,
          grunt_vaults_bifocal, v_misc_15, infiniplex_enter_wizlab_spiral,
          serial_shops, shop, uniq_nikola
Vaults:2: st_smaller_cells, hangedman_vaults_trim, v_pattern_3,
          ontoclasm_vaults_eye, vaults_room_octagon, vaults_dpeg_hooks,
          nicolae_vaults_angled_halls, vaults_standard_mumra_enter_the_diamond,
          vaults_mumra_lcd, uniq_jorgrun
Vaults:3: v_alt_pattern_3, dpeg_vaults_pockets_of_resistance,
          hangedman_vaults_variations, nicolae_vaults_network_star,
          v_alt_pattern_1, minmay_crypt_entry_simple_sparse,
          nicolae_vaults_rhombus_7, v_rooms_6,
          nicolae_vaults_diagonal_hallway_7, uniq_jory
Vaults:4: nicolae_vaults_ninety_degrees, hangedman_vaults_stitches,
          nicolae_vaults_big_angled_halls, nicolae_vaults_angled_halls,
          vaults_mumra_hex, vaults_room_stairs_pillars,
          nicolae_vaults_hallways_thing, v_misc_12,
          nicolae_vaults_network_periphery, serial_shops, shop, shop_statue,
          shop, uniq_donald
Depths:1: minmay_the_grid_triangle_9x9_recursive_3,
          serial_sigils_hangedman_snap, grunt_mini_vestibule,
          hangedman_decor_points, kennysheep_generic_room_4
Depths:2: due_chaos_kobolds, grunt_pan_entry_in_and_out, serial_shops, shop,
          hell_entry, basic_stair_grate_trap, infiniplex_staircase_pool_lava,
          minmay_shop_grove
Depths:3: nooodl_glass_maze, abyss_entry, interstate_on_off,
          pf_vacation_house_of_asmodeus, rand_demon_pan_entry_1,
          minmay_serpent_palace, infiniplex_staircase_diamond,
          serial_bayou_shore_b, serial_bayou_shore_a, firewood_loft, uniq_boris
Depths:4: evilmike_negative_zone, abyss_entry_small_statue_room,
          lemuel_crystal_altar, hangedman_tar_grid_catacomb, serial_bayou,
          serial_bayou_pond_c, serial_bayou_pond_d, serial_bayou_lake_a,
          serial_bayou_pond_a, fake_guardian_serpent_vault
Depths:5: evilmike_zot_entry_gauntlet, enter_ziggurat_b, minmay_misc_feat_tower,
          pf_coc_iceberg, nicolae_trove_entry_columns, uniq_enchantress,
          uniq_xtahua
Zot:1:    zot_minivault_4, grunt_megastairs_2
Zot:2:    kennysheep_room_grid
Abyss:2:  hangedman_decor_lopped
Abyss:3:  minivault_25, hangedman_abyss_theft, doesnt_abyss_rune_brain_food
Lab:      labyrinth_spiral, nicolae_lab_grate_2, nicolae_lab_arrow,
          labyrinth_skeletal_remains, labyrinth_lava_lair
Bailey:   bailey_axe_of_yendor_kennysheep, bailey
WizLab:   wizlab_demon
